 Dungeon Crawl Stone Soup version 0.20.1-1-g8b1a95d (webtiles) character file.

266916 vishdafish the Hand of Fortune (level 20, 0/167 HPs)
             Began as a Formicid Fighter on July 13, 2017.
             Was the Champion of Nemelex Xobeh.
             Slain by a spark wasp (2 damage)
             ... on level 2 of the Depths.
             The game lasted 02:29:17 (45127 turns).

vishdafish the Hand of Fortune (Formicid Fighter)  Turns: 45127, Time: 02:29:18

Health: 0/167      AC: 28    Str: 26    XL:     20   Next: 95%
Magic:  11/11      EV:  2    Int:  8    God:    Nemelex Xobeh [******]
Gold:   3563       SH:  0    Dex: 12    Spells: 19/19 levels left

rFire    + + .     SeeInvis +   n - +11 war axe "Ingyvuix" {antimagic, rPois rC+}
rCold    . . .     Gourm    .   l - +10 large shield of Ignorance {rN+ Int-4}
rNeg     + + +     Faith    .   X - +0 fire dragon scales
rPois    ∞         Spirit   .   (helmet unavailable)
rElec    .         Reflect  +   A - +2 cloak
rCorr    .         Harm     .   (no gloves)
MR       ++...     Clarity  +   c - +1 pair of boots {run}
Stlth    ..........             B - +3 amulet of reflection
Regen    0.4/turn               U - +5 ring of protection
MPRegen  0.2/turn               b - +4 ring of evasion

@: petrified, studying Fighting, quick
A: permanent stasis, dig shafts and tunnels, four strong arms, antennae 3,
iridescent scales 1, yellow scales 1, clarity, clever 1, mutation resistance 1
}: 2/15 runes: barnacled, gossamer
a: Dig, Shaft Self, Triple Draw, Deal Four, Stack Five, Renounce Religion


You were on level 2 of the Depths.
You worshipped Nemelex Xobeh.
Nemelex Xobeh was exalted by your worship.
You were not hungry.

You visited 7 branches of the dungeon, and saw 34 of its levels.
You also visited: Ossuary, Ice Cave and Volcano.

You collected 3737 gold pieces.
You spent 174 gold pieces at shops.

Inventory:

Hand Weapons
 n - the +11 war axe "Ingyvuix" (weapon) {antimagic, rPois rC+}
   (You found it on level 5 of the Dungeon)

   It reduces the magical energy of the wielder, and disrupts the spells and
   magical abilities of those hit.
   Natural abilities and divine invocations are not affected.
   It protects you from cold.
   It protects you from poison.
 K - a +5 arbalest
Missiles
 G - 504 bolts
Armour
 c - a +1 pair of boots of running (worn)
 l - the +10 large shield of Ignorance (worn) {rN+ Int-4}
   (You found it on level 2 of the Orcish Mines)

   It affects your intelligence (-4).
   It protects you from negative energy.
 A - a +2 cloak (worn)
 X - +0 fire dragon scales (worn)
Jewellery
 b - a +4 ring of evasion (right hand)
 B - a +3 amulet of reflection (around neck)
 U - a +5 ring of protection (left hand)
Wands
 a - a wand of digging (19/24)
Scrolls
 g - a scroll of fog
 h - 9 scrolls of enchant armour
 k - 5 scrolls of enchant weapon
 o - 15 scrolls of remove curse
 q - 5 scrolls of identify
 y - a scroll of brand weapon
 z - a scroll of summoning
 L - 7 scrolls of magic mapping
 O - 5 scrolls of recharging
 R - 2 scrolls of vulnerability
 S - 3 scrolls of fear
 Y - 2 scrolls of torment
Potions
 e - 4 potions of brilliance
 i - 5 potions of invisibility
 r - 5 potions of curing
 t - a potion of resistance
 u - 5 potions of flight
 x - 6 potions of magic
 D - 4 potions of heal wounds
 F - 2 potions of mutation
 J - 5 potions of agility
 N - 10 potions of ambrosia
 T - 3 potions of cancellation
Books
 p - a manual of Fighting
Miscellaneous
 d - a legendary deck of destruction
 f - a phantom mirror
 m - a legendary deck of destruction
 s - an ornate deck of destruction {drawn: 7}
 v - a legendary deck of destruction
 w - a legendary deck of destruction
 E - a legendary deck of destruction
 H - an ornate deck of summoning {drawn: 2}
 M - a legendary deck of escape
 P - a legendary deck of summoning {drawn: 2}
 Q - an ornate deck of summoning
 V - an ornate deck of summoning
 W - a legendary deck of destruction
 Z - a fan of gales
Comestibles
 j - 17 royal jellies
 C - 8 meat rations
 I - 15 fruits


   Skills:
 * Level 16.8 Fighting
 - Level 16.4 Axes
 - Level 10.0 Crossbows
 - Level 15.0 Armour
 - Level 0.3 Stealth
 * Level 17.5 Shields
 - Level 19.4 Invocations


You had 19 spell levels left.
You didn't know any spells.

Dungeon Overview and Level Annotations

Branches:
Dungeon (15/15)            Temple (1/1) D:5            Lair (6/6) D:9
 Shoals (4/4) Lair:3       Spider (4/4) Lair:4        Slime (0/5) Lair:5
    Orc (2/2) D:10            Elf (0/3) Orc:2        Vaults (0/5) D:13
 Depths (2/5) D:15

Altars:
Ashenzari
Cheibriados
Dithmenos
Elyvilon
Fedhas
Gozag
Hepliaklqana
Kikubaaqudgha
Makhleb
Nemelex Xobeh
Qazlal
Ru
Trog
Uskayaw
Vehumet
Xom
Yredelemnul
Zin
The Shining One
Beogh

Shops:
D:8 (   D:12 (!   D:13 [   Orc:2 **([   Shoals:3 (

Portals:
Hell: Depths:1

Annotations:
Orc:2 1 runed door


Innate Abilities, Weirdness & Mutations

You cannot be hasted, slowed, berserked, paralysed or teleported.
You can dig through walls and to a lower floor.
Your four strong arms can wield two-handed weapons with a shield.
You have a pair of large antennae on your head. (SInv)
You are partially covered in iridescent scales. (AC +2)
You are partially covered in yellow scales. (AC +2)
You possess an exceptional clarity of mind.
Your mind is acute. (Int +2)
You are somewhat resistant to further mutation.


Message History

* * * LOW HITPOINT WARNING * * *
The spark wasp shocks you!
* * * LOW HITPOINT WARNING * * *
The catoblepas gores you but does no damage.
The spark wasp stings you!
* * * LOW HITPOINT WARNING * * *
The spark wasp shocks you!
* * * LOW HITPOINT WARNING * * *
The spark wasp stings you!!
* * * LOW HITPOINT WARNING * * *
The spark wasp shocks you!
* * * LOW HITPOINT WARNING * * *
The catoblepas gores you!
* * * LOW HITPOINT WARNING * * *
The spark wasp barely misses you. The catoblepas gores you.
* * * LOW HITPOINT WARNING * * *
The spark wasp stings you.
You die...
Your body glows with a rainbow of weird colours and disappears.

##.....##
###.......###
##...........#
.###........#>...
.#####...._....##
#...<#........
##...........#
###.y.....#
##.@...## ##Y#.##
#...# ......
$$#$$## #######


You could see a catoblepas and a spark wasp.

Vanquished Creatures
  Gastronok (D:8)
  4 krakens (Shoals:4)
  A tengu reaver (Depths:1)
  5 emperor scorpions
  2 ghost moths (Spider:4)
  4 stone giants (Depths:1)
  An entropy weaver (Spider:1)
  10 very ugly things (Depths:1)
  4 spark wasps
  3 merfolk javelineers
  A blizzard demon (IceCv)
  3 ettins (Depths:1)
  3 merfolk impalers
  A fire dragon (D:15)
  3 minotaurs
  A jiangshi (Depths:1)
  Erolcha (D:11)
  Josephine (Shoals:1)
  2 ogre magi (Depths:1)
  A great orb of eyes (Shoals:4)
  2 rakshasas (Depths:1)
  5 hydras
  2 ice dragons
  4 catoblepae
  2 alligator snapping turtles
  A satyr (shapeshifter) (Depths:1)
  4 centaur warriors
  A merfolk avatar (Shoals:1)
  A satyr (Shoals:4)
  A merfolk aquamancer (Shoals:2)
  4 dancing weapons
  8 two-headed ogres
  A vampire mage (D:14)
  A death knight (D:14)
  5 tengu warriors
  9 death yaks (Lair:6)
  A deep troll shaman (Depths:1)
  2 orc high priests (Orc:2)
  8 death scarabs (Spider:4)
  4 deep troll earth magi (Depths:1)
  Urug (D:15)
  A fire crab (Shoals:4)
  A sun demon (Volcano)
  A spectral emperor scorpion (Spider:4)
  6 sea snakes
  A spark wasp zombie (Depths:1)
  A death drake (D:12)
  A glowing orange brain (Depths:1)
  6 unseen horrors
  3 wizards
  A deep troll (Depths:1)
  4 orange crystal statues (Orc:2)
  3 spectral wolf spiders (Spider:4)
  2 necromancers (Depths:1)
  2 wolf spider zombies
  11 orb spiders
  9 harpies
  3 deep elf magi
  An orc knight (Orc:2)
  2 sphinx zombies (Depths:1)
  23 wolf spiders
  2 orc sorcerers (Orc:2)
  A mana viper (D:10)
  19 ugly things
  9 fauns
  A lindwurm (D:12)
  A sphinx skeleton (Depths:1)
  15 manticores
  A stone giant zombie (Depths:1)
  4 moths of wrath
  A centaur zombie (D:14)
  4 water nymphs
  8 merfolk sirens
  4 cyclopes
  18 elephants
  2 molten gargoyles (Volcano)
  An ice statue (IceCv)
  2 black mambas
  An elephant (shapeshifter) (Depths:1)
  A gargoyle (D:15)
  A spectral redback (Spider:4)
  2 kobold demonologists (D:14)
  13 spiny frogs
  A rime drake (Lair:4)
  2 redback zombies
  14 yaktaurs
  5 freezing wraiths
  9 komodo dragons
  2 tengu conjurers
  14 demonic crawlers
  3 red devils (Volcano)
  2 anaconda simulacra (IceCv)
  3 ice devils (IceCv)
  4 trolls
  24 merfolk
  27 jumping spiders
  3 wind drakes
  2 polar bears
  A golden dragon simulacrum (IceCv)
  22 hornets
  A jumping spider zombie (Spider:4)
  9 spectral jumping spiders (Spider:4)
  5 slime creatures
  3 spectral tarantellas (Spider:4)
  A tarantella zombie (Spider:4)
  An iron dragon simulacrum (Depths:1)
  8 snapping turtles
  14 dream sheep
  15 blink frogs
  6 hippogriffs
  An ettin skeleton (Depths:1)
  15 flying skulls (D:14)
  3 dire elephant simulacra (IceCv)
  2 shadows
  3 centaur simulacra
  54 redbacks
  7 vampires (D:14)
  2 fire bats (Volcano)
  A spriggan skeleton (Depths:1)
  32 yaks
  24 tarantellas
  8 water elementals
  7 wraiths
  A fire elemental (Orc:2)
  A human (shapeshifter) (Depths:1)
  4 wyverns
  2 steam dragons
  6 basilisks
  A hungry ghost (D:11)
  A death yak simulacrum (IceCv)
  4 iron troll simulacra (IceCv)
  4 vampire mosquitoes
  9 swamp worms (Spider:1)
  2 acid dragons
  2 wargs (Orc:2)
  4 harpy simulacra (IceCv)
  10 water moccasins
  A hydra simulacrum (IceCv)
  18 porcupines
  2 spectral hornets (Spider:4)
  21 orc warriors
  3 sky beasts
  2 swamp drakes
  A black bear (Lair:1)
  2 hornet zombies
  6 ice beasts
  2 necrophages
  A boggart (D:9)
  12 wolves
  14 ogres
  3 phantoms
  22 centaurs
  16 crocodiles
  A wyvern zombie (D:10)
  23 bullfrogs
  3 scorpions
  A wyvern skeleton (D:14)
  13 wights
  16 killer bees
  10 electric eels
  6 crimson imps
  2 bullfrog zombies
  5 howler monkeys
  3 lava snakes (Volcano)
  10 jellies
  A draconian simulacrum (IceCv)
  3 centaur skeletons
  8 orc priests
  14 hounds
  7 human zombies
  2 bullfrog skeletons
  25 orc wizards
  9 iguanas
  A hell rat (D:14)
  2 spriggan simulacra (IceCv)
  11 worker ants
  3 troll simulacra (IceCv)
  2 wolf simulacra (IceCv)
  A hound skeleton (D:11)
  2 hound zombies (Ossuary)
  4 mummies (Ossuary)
  A worker ant zombie (D:6)
  13 adders
  5 gnolls
  A river rat (D:14)
  5 naga simulacra (IceCv)
  3 ogre simulacra (IceCv)
  7 shadow imps
  6 white imps (IceCv)
  4 ufetubi (IceCv)
  5 oozes (D:10)
  2 adder zombies (Ossuary)
  3 adder skeletons
  19 worms
  12 leopard geckos
  72 orcs
  4 giant cockroaches
  2 gnoll zombies (Ossuary)
  5 goblins
  11 hobgoblins
  12 jackals
  11 kobolds
  7 quokkas
  A ball python (D:5)
  6 bats
  7 frilled lizards
  A goblin zombie (Ossuary)
  2 jackal skeletons
  A jackal zombie (Ossuary)
  A leopard gecko skeleton (D:7)
  An orc zombie (Ossuary)
  A quokka skeleton (D:6)
  8 rats
  2 rat zombies (Ossuary)
  6 fungi
  6 plants
  10 tentacles (Shoals:4)
1300 creatures vanquished.

Vanquished Creatures (collateral kills)
  Saint Roka (Orc:2)
  A titan (Depths:1)
  A quicksilver dragon (Depths:1)
  Kirke (Lair:5)
  Roxanne (Shoals:1)
  Ilsuiw (Shoals:3)
  The ghost of vishdafish the Severer, a journeyman HOMo of Beogh (D:15)
  A vampire knight (D:14)
  A stone giant (Depths:1)
  A blizzard demon (IceCv)
  A merfolk impaler (Shoals:3)
  A jiangshi (Depths:1)
  An ice dragon (Shoals:4)
  A merfolk avatar (Shoals:2)
  An alligator snapping turtle (Shoals:4)
  2 merfolk aquamancers (Shoals:4)
  A vampire mage (Depths:1)
  A hell knight (Volcano)
  2 skeletal warriors (D:14)
  A glowing orange brain (D:12)
  3 sea snakes
  2 spectral wolf spiders (Spider:4)
  A lindwurm (Shoals:4)
  9 ugly things
  A manticore (D:12)
  A merfolk siren (Shoals:3)
  A water nymph (Shoals:1)
  2 elephants
  A gargoyle (D:15)
  A spiny frog (Lair:6)
  4 yaktaurs (D:15)
  A tyrant leech (Shoals:4)
  7 merfolk
  A polar bear (D:12)
  3 slime creatures
  A hippogriff (D:15)
  A snapping turtle (Shoals:1)
  A dream sheep (shapeshifter) (Orc:2)
  3 dream sheep
  2 flying skulls (D:14)
  A shadow (D:15)
  A tarantella (Spider:4)
  2 yaks (D:14)
  A hog (Lair:5)
  A water moccasin (Lair:6)
  A swamp drake (Orc:2)
  4 orc warriors
  A centaur (D:13)
  A wolf (Orc:2)
  A crocodile (Lair:6)
  A crimson imp (D:15)
  A human zombie (D:14)
  An orc priest (D:8)
  An orc wizard (Orc:2)
  A hound (Orc:2)
  A jelly (Orc:2)
  A worker ant (D:12)
  A river rat (D:15)
  8 orcs
  A bat (Orc:2)
  A rat (D:14)
  A plant (Lair:5)
101 creatures vanquished.

Vanquished Creatures (others)
  2 merfolk javelineers
  A yaktaur captain (Depths:1)
  3 satyrs
  2 manticores (Shoals:4)
  4 fauns
  2 cyclopes
  A freezing wraith (IceCv)
  An ice devil (IceCv)
  2 merfolk (Shoals:4)
  A hippogriff (D:12)
  A redback (shapeshifter) (Depths:1)
  A human (Lair:5)
  A wyvern (D:12)
  A death yak simulacrum (IceCv)
  4 orc warriors (Orc:2)
  2 porcupines
  A centaur (Shoals:4)
  A bullfrog (Lair:5)
  A scorpion (D:10)
  An orc wizard (Orc:2)
  3 orc priests (Orc:2)
  3 white imps (IceCv)
  An ufetubus (IceCv)
  6 ball lightnings
  4 orcs (Orc:2)
  A quokka (D:10)
  2 bushes (Lair:6)
  16 fungi
  24 plants
  21 tentacles (Shoals:4)
114 creatures vanquished.

Grand Total: 1515 creatures vanquished

Notes
Turn   | Place    | Note
-------+----------+-------------------------------------------
     0 | D:1      | vishdafish the Formicid Fighter began the quest for the Orb.
     0 | D:1      | Reached XP level 1. HP: 18/18 MP: 1/1
    87 | D:1      | Reached XP level 2. HP: 18/24 MP: 2/2
   358 | D:1      | Reached XP level 3. HP: 26/29 MP: 3/3
   818 | D:2      | Reached XP level 4. HP: 29/37 MP: 4/4
  1497 | D:3      | Reached XP level 5. HP: 42/42 MP: 5/5
  2301 | D:4      | Reached XP level 6. HP: 44/48 MP: 6/6
  2768 | D:5      | Entered Level 5 of the Dungeon
  2858 | D:5      | Reached skill level 5 in Shields
  3097 | D:5      | Found a sand-covered staircase.
  3109 | Ossuary  | Entered an ossuary
  3136 | Ossuary  | Reached XP level 7. HP: 54/55 MP: 7/7
  3445 | Ossuary  | Gained mutation: Armour fits poorly on your strangely shaped body. [potion of mutation]
  3445 | Ossuary  | Gained mutation: You are partially covered in molten scales. (AC +2) [potion of mutation]
  3446 | Ossuary  | Lost mutation: Armour fits poorly on your strangely shaped body. [potion of mutation]
  3446 | Ossuary  | Lost mutation: You are partially covered in molten scales. (AC +2) [potion of mutation]
  3446 | Ossuary  | Gained mutation: You are weak. (Str -2) [potion of mutation]
  3446 | Ossuary  | Gained mutation: You have sharp fingernails. [potion of mutation]
  3493 | D:5      | Lost mutation: You are weak. (Str -2) [potion of mutation]
  3493 | D:5      | Lost mutation: You have sharp fingernails. [potion of mutation]
  3493 | D:5      | Gained mutation: Your spells are a little harder to cast, but a little more powerful. [potion of mutation]
  3493 | D:5      | Gained mutation: You are covered in fur. (AC +1) [potion of mutation]
  3494 | D:5      | Lost mutation: You are covered in fur. (AC +1) [potion of mutation]
  3494 | D:5      | Lost mutation: Your spells are a little harder to cast, but a little more powerful. [potion of mutation]
  3494 | D:5      | Gained mutation: You are somewhat resistant to further mutation. [potion of mutation]
  3581 | D:5      | Reached skill level 5 in Fighting
  3581 | D:5      | Reached skill level 5 in Axes
  3612 | D:5      | Found a staircase to the Ecumenical Temple.
  3636 | Temple   | Entered the Ecumenical Temple
  3686 | Temple   | Became a worshipper of Nemelex Xobeh the Trickster
  3748 | Temple   | Received a gift from Nemelex Xobeh
  4030 | D:5      | Got an ichor-stained war axe
  4031 | D:5      | Identified the +11 war axe "Ingyvuix" {antimagic, rPois rC+} (You found it on level 5 of the Dungeon)
  4095 | D:5      | Reached skill level 5 in Armour
  4261 | D:6      | Found a stormy altar of Qazlal.
  4266 | D:6      | Reached XP level 8. HP: 54/62 MP: 2/8
  4330 | D:6      | Found a burning altar of Makhleb.
  4501 | D:6      | Reached * piety under Nemelex Xobeh
  4618 | D:6      | Received a gift from Nemelex Xobeh
  4743 | D:6      | Found a hazy altar of Hepliaklqana.
  4973 | D:7      | Reached skill level 1 in Invocations
  4984 | D:7      | Reached skill level 2 in Invocations
  4994 | D:7      | Noticed a hippogriff
  5001 | D:7      | Killed a hippogriff
  5001 | D:7      | Reached XP level 9. HP: 23/68 MP: 3/11
  5306 | D:7      | Reached skill level 3 in Invocations
  5909 | D:8      | Reached skill level 4 in Invocations
  5948 | D:8      | Received a gift from Nemelex Xobeh
  6028 | D:8      | Reached ** piety under Nemelex Xobeh
  6082 | D:8      | Noticed Gastronok
  6091 | D:8      | You fall through a shaft for 3 floors!
  6412 | D:11     | Reached skill level 5 in Invocations
  6776 | D:10     | Entered Level 10 of the Dungeon
  6801 | D:10     | Reached XP level 10. HP: 10/76 MP: 4/14
  7343 | D:10     | Reached skill level 6 in Invocations
  7536 | D:9      | Found a staircase to the Lair.
  7536 | D:9      | Received a gift from Nemelex Xobeh
  7594 | D:8      | Killed Gastronok
  7594 | D:8      | Reached skill level 7 in Invocations
  7985 | D:9      | Reached XP level 11. HP: 83/84 MP: 5/16
  8040 | D:9      | Reached skill level 8 in Invocations
  8359 | D:8      | Found Pullog's Antique Weapon Boutique.
  8487 | D:8      | Gained mutation: You are partially covered in yellow scales. (AC +2) [mutagenic meat]
  8488 | D:8      | Gained mutation: You are partially covered in iridescent scales. (AC +2) [mutagenic meat]
  8515 | D:8      | Reached *** piety under Nemelex Xobeh
  8548 | D:8      | Received a gift from Nemelex Xobeh
  8946 | D:8      | Found a snail-covered altar of Cheibriados.
  9325 | D:9      | Received a gift from Nemelex Xobeh
  9682 | D:9      | Noticed a two-headed ogre
  9699 | D:9      | Killed a two-headed ogre
  9729 | D:9      | Gained mutation: You possess an exceptional clarity of mind. [mutagenic meat]
 10009 | D:10     | Reached skill level 9 in Invocations
 10524 | D:10     | Received a gift from Nemelex Xobeh
 10557 | D:10     | Noticed Fannar
 10568 | D:10     | Noticed Fannar
 10568 | D:10     | Fannar changed into Fannar the mana viper
 10575 | D:10     | Killed Fannar the mana viper
 10679 | D:10     | Reached skill level 10 in Axes
 10710 | D:10     | Reached **** piety under Nemelex Xobeh
 10733 | D:10     | Found a staircase to the Orcish Mines.
 10736 | D:10     | Noticed an unseen horror
 10736 | D:10     | a troll changed into an unseen horror
 10770 | D:10     | Killed an unseen horror
 11171 | D:11     | Reached XP level 12. HP: 93/93 MP: 6/19
 11254 | D:11     | Reached skill level 10 in Invocations
 11319 | D:11     | Noticed Erolcha
 11327 | D:11     | Killed Erolcha
 11349 | D:11     | Received a gift from Nemelex Xobeh
 11745 | D:11     | Noticed an unseen horror
 11754 | D:11     | Killed an unseen horror
 11818 | D:12     | Found Quydeitu's Distillery.
 11853 | D:12     | Noticed a centaur warrior
 11853 | D:12     | Noticed a centaur warrior
 11856 | D:12     | Noticed a glowing orange brain
 11856 | D:12     | a centaur warrior changed into a glowing orange brain
 11856 | D:12     | a centaur warrior changed into a lindwurm
 11859 | D:12     | Noticed a tengu warrior
 11859 | D:12     | Reached skill level 10 in Shields
 11862 | D:12     | Noticed a death drake
 11862 | D:12     | a cyclops changed into a death drake
 11868 | D:12     | Noticed a wizard
 11873 | D:12     | Killed a glowing orange brain
 11873 | D:12     | Reached skill level 11 in Invocations
 11874 | D:12     | You fall through a shaft for 2 floors!
 11877 | D:14     | You fall through a shaft!
 11877 | D:15     | Entered Level 15 of the Dungeon
 11890 | D:15     | Received a gift from Nemelex Xobeh
 12458 | D:15     | Noticed vishdafish's ghost (journeyman HOMo)
 12569 | D:15     | Killed vishdafish's ghost
 12569 | D:15     | Reached XP level 13. HP: 48/100 MP: 7/21
 12956 | D:14     | Reached skill level 1 in Crossbows
 13275 | D:14     | Reached skill level 12 in Invocations
 13293 | D:14     | Reached skill level 10 in Fighting
 13766 | D:14     | Reached skill level 10 in Armour
 14313 | D:13     | Reached ***** piety under Nemelex Xobeh
 14317 | D:13     | Found a gate to the Vaults.
 14386 | D:13     | Received a gift from Nemelex Xobeh
 14521 | D:13     | Found Wypnul's Armour Shop.
 14665 | D:13     | Found a glowing silver altar of Zin.
 14733 | D:13     | Reached skill level 5 in Crossbows
 14734 | D:13     | Noticed a centaur warrior
 14738 | D:13     | Reached XP level 14. HP: 67/109 MP: 7/23
 15691 | D:12     | Reached skill level 13 in Invocations
 15745 | D:12     | Found Gipnorcho's Antique Weapon Boutique.
 16477 | Lair:1   | Entered Level 1 of the Lair of Beasts
 16561 | Lair:1   | Received a gift from Nemelex Xobeh
 16939 | Lair:1   | Received a gift from Nemelex Xobeh
 17344 | Lair:2   | Received a gift from Nemelex Xobeh
 18126 | Lair:3   | Received a gift from Nemelex Xobeh
 18350 | Lair:3   | Received a gift from Nemelex Xobeh
 18638 | Lair:3   | Reached ****** piety under Nemelex Xobeh
 18841 | Lair:3   | Found a staircase to the Shoals.
 19161 | Lair:4   | Received a gift from Nemelex Xobeh
 19547 | Lair:4   | Got an ichor-stained ring mail
 19553 | Lair:4   | Identified the cursed +0 ring mail of Marbles {rElec rCorr} (You found it on level 4 of the Lair of Beasts)
 19683 | Lair:5   | Found a staircase to the Slime Pits.
 19866 | Lair:5   | Received a gift from Nemelex Xobeh
 20034 | Lair:5   | Got a heavy robe
 20045 | Lair:5   | Identified the +0 robe "Vaco" {rPois MR+++ Int-4} (You found it on level 5 of the Lair of Beasts)
 20181 | Lair:5   | Found a dark tunnel.
 20187 | Volcano  | Entered a volcano
 20376 | Volcano  | Received a gift from Nemelex Xobeh
 20527 | Volcano  | Found a radiant altar of Vehumet.
 20544 | Volcano  | Reached XP level 15. HP: 79/118 MP: 8/25
 20985 | Lair:5   | Noticed Kirke
 20997 | Lair:5   | Killed Kirke
 20997 | Lair:5   | Reached skill level 14 in Invocations
 21326 | Lair:5   | Received a gift from Nemelex Xobeh
 21576 | Lair:4   | Found a hole to the Spider Nest.
 21926 | Lair:4   | Received a gift from Nemelex Xobeh
 22268 | Lair:6   | Entered Level 6 of the Lair of Beasts
 23272 | Lair:6   | Received a gift from Nemelex Xobeh
 23759 | Lair:6   | Reached XP level 16. HP: 68/126 MP: 9/27
 24048 | Lair:6   | Reached skill level 15 in Invocations
 24784 | Orc:1    | Entered Level 1 of the Orcish Mines
 24804 | Orc:1    | Received a gift from Nemelex Xobeh
 24981 | Orc:2    | Entered Level 2 of the Orcish Mines
 25271 | Orc:2    | Received a gift from Nemelex Xobeh
 25357 | Orc:2    | Found a roughly hewn altar of Beogh.
 25441 | Orc:2    | Found a roughly hewn altar of Beogh.
 25458 | Orc:2    | Found a roughly hewn altar of Beogh.
 25544 | Orc:2    | Found a roughly hewn altar of Beogh.
 25564 | Orc:2    | Found Ilalleez's Assorted Antiques.
 25571 | Orc:2    | Bought a scroll labeled YGUNGAR UTHRITH for 33 gold pieces
 25571 | Orc:2    | Bought a scroll of identify for 66 gold pieces
 25636 | Orc:2    | Found a runed door.
 25680 | Orc:2    | Found a runed door.
 26012 | Orc:2    | Found a roughly hewn altar of Beogh.
 26058 | Orc:2    | Found a staircase to the Elven Halls.
 26103 | Orc:2    | Found a roughly hewn altar of Beogh.
 26128 | Orc:2    | Found Tavogolusu's Assorted Antiques.
 26136 | Orc:2    | Bought a scroll labeled YVEZIGORUSK for 25 gold pieces
 26136 | Orc:2    | Bought a scroll of identify for 50 gold pieces
 26273 | Orc:2    | Received a gift from Nemelex Xobeh
 26333 | Orc:2    | Noticed Saint Roka
 26354 | Orc:2    | Killed Saint Roka
 26354 | Orc:2    | Reached skill level 10 in Crossbows
 26361 | Orc:2    | Found Hoprubb's Antique Armour Shoppe.
 26362 | Orc:2    | Found a roughly hewn altar of Beogh.
 26375 | Orc:2    | Found Awkecet's Antique Weapon Emporium.
 26870 | D:14     | Gained mutation: Your mind is acute. (Int +2) [a neqoxec]
 27329 | D:14     | Found an ancient bone altar of Kikubaaqudgha.
 27784 | D:15     | Reached skill level 15 in Axes
 27914 | D:15     | Noticed Urug
 27927 | D:15     | Killed Urug
 28425 | D:15     | Reached skill level 16 in Invocations
 28472 | D:15     | Found a staircase to the Depths.
 28650 | Depths:1 | Entered Level 1 of the Depths
 28775 | Depths:1 | Reached XP level 17. HP: 97/133 MP: 9/29
 28851 | Depths:1 | Noticed a tengu reaver
 29412 | Depths:1 | Noticed Sojobo
 29414 | Depths:1 | Noticed a tengu reaver
 29419 | Depths:1 | Noticed Sojobo
 29419 | Depths:1 | Sojobo changed into Sojobo the titan
 29419 | Depths:1 | Noticed a quicksilver dragon
 29419 | Depths:1 | a tengu reaver changed into a quicksilver dragon
 29422 | Depths:1 | Killed a quicksilver dragon
 29427 | Depths:1 | Killed a tengu reaver
 29428 | Depths:1 | Killed Sojobo the titan
 29947 | Depths:1 | Received a gift from Nemelex Xobeh
 29960 | Depths:1 | Reached skill level 17 in Invocations
 30074 | Depths:1 | Reached XP level 18. HP: 142/142 MP: 10/30
 30245 | Depths:1 | Found a gateway to Hell.
 30970 | Depths:1 | Received a gift from Nemelex Xobeh
 31307 | Spider:1 | Entered Level 1 of the Spider Nest
 32439 | Spider:2 | Found a frozen archway.
 32519 | IceCv    | Entered an ice cave
 33141 | IceCv    | Received a gift from Nemelex Xobeh
 33918 | IceCv    | Identified a +1 pair of boots of running (You found it in an ice cave)
 33944 | IceCv    | Got a slimy demon trident
 33946 | IceCv    | Identified the +4 demon trident of the Several Emperors {vamp, rN+ MR+} (You found it in an ice cave)
 34268 | Spider:2 | Reached skill level 18 in Invocations
 34871 | Spider:2 | Received a gift from Nemelex Xobeh
 35462 | Spider:2 | Reached XP level 19. HP: 144/150 MP: 10/32
 35707 | Spider:3 | Received a gift from Nemelex Xobeh
 36345 | Spider:3 | Received a gift from Nemelex Xobeh
 36720 | Spider:4 | Entered Level 4 of the Spider Nest
 36777 | Spider:4 | Received a gift from Nemelex Xobeh
 37057 | Spider:4 | Received a gift from Nemelex Xobeh
 37780 | Spider:4 | Reached skill level 15 in Shields
 38393 | Spider:4 | Got a gossamer rune of Zot
 38720 | Shoals:1 | Entered Level 1 of the Shoals
 38747 | Shoals:1 | Noticed Josephine
 38766 | Shoals:1 | Killed Josephine
 38864 | Shoals:1 | Received a gift from Nemelex Xobeh
 38951 | Shoals:1 | Noticed Roxanne
 38973 | Shoals:1 | Killed Roxanne
 39083 | Shoals:1 | Received a gift from Nemelex Xobeh
 39336 | Shoals:2 | Reached skill level 19 in Invocations
 39619 | Shoals:2 | Received a gift from Nemelex Xobeh
 40241 | Shoals:2 | Reached XP level 20. HP: 157/159 MP: 12/33
 40383 | Shoals:2 | Received a gift from Nemelex Xobeh
 40521 | Shoals:3 | Noticed Ilsuiw
 40550 | Shoals:3 | HP: 5/159 [Ilsuiw/shard of ice (25)]
 40588 | Shoals:3 | Killed Ilsuiw
 41013 | Shoals:3 | Reached skill level 15 in Armour
 41255 | Shoals:3 | Found Pianobro's Weapon Shoppe.
 41346 | Shoals:3 | Received a gift from Nemelex Xobeh
 41534 | Shoals:4 | Entered Level 4 of the Shoals
 42150 | Shoals:4 | Reached skill level 15 in Fighting
 42514 | Shoals:4 | Received a gift from Nemelex Xobeh
 43087 | Shoals:4 | Got a barnacled rune of Zot
 43498 | Shoals:4 | Identified the amulet "Yvuorgh" {+Blink +Rage Str+5 Int-5} (You found it on level 4 of the Shoals)
 43626 | Shoals:4 | Received a gift from Nemelex Xobeh
 44387 | Depths:2 | Found a hide-covered altar of Uskayaw.
 45126 | Depths:2 | HP: 4/167 [catoblepas (7)]
 45127 | Depths:2 | Slain by a spark wasp

Skill      XL: |  1  2  3  4  5  6  7  8  9 10 11 12 13 14 15 16 17 18 19 20 |
---------------+-------------------------------------------------------------+-----
Shields        | 4 5 6 7 8 9 10 11 13 14 15 17 | 17.5
Axes           | 3 4 5 6 7 9 10 11 12 13 14 15 16 | 16.4
Fighting       | 4 5 6 7 8 9 10 11 12 13 14 16 | 16.8
Armour         | 4 5 6 7 8 9 10 11 12 13 14 15 | 15.0
Invocations    | 2 5 7 9 11 12 13 14 16 17 18 19 | 19.4
Crossbows      | 5 7 9 10 | 10.0
Stealth        | |  0.3

Action                   |  1- 3 |  4- 6 |  7- 9 | 10-12 | 13-15 | 16-18 | 19-21 || total
-------------------------+-------+-------+-------+-------+-------+-------+-------++-------
Melee: War axe           |    73 |   219 |   207 |   442 |   973 |  1748 |  1238 ||  4900
       Hand axe          |       |       |       |       |    34 |       |       ||    34
       Battleaxe         |       |       |       |       |    10 |     1 |       ||    11
       Unarmed           |       |       |       |       |     3 |       |       ||     3
 Fire: Arbalest          |       |       |       |       |    11 |     5 |    12 ||    28
 Abil: Dig               |       |       |     3 |       |     2 |     1 |     1 ||     7
       Shaft Self        |       |       |     1 |     2 |       |       |       ||     3
Evoke: Deck              |       |       |     3 |    38 |    34 |    55 |    34 ||   164
       Wand              |       |       |       |     5 |       |       |       ||     5
  Use: Scroll            |       |       |     7 |     3 |    13 |    12 |     2 ||    37
       Potion            |       |       |     6 |     1 |     1 |     7 |     2 ||    17
 Stab: Invisible         |       |       |     4 |     2 |       |       |       ||     6
       Petrified         |       |       |       |     1 |       |     4 |     8 ||    13
       Distracted        |       |       |       |       |       |     4 |     1 ||     5
       Petrifying        |       |       |       |       |       |     1 |     1 ||     2
       Held in net/web   |       |       |       |       |       |     1 |       ||     1
       Paralysed         |       |       |       |       |       |       |     3 ||     3
  Eat: Chunk             |       |     5 |     6 |    10 |    10 |    19 |       ||    50
       Meat ration       |       |     1 |     1 |     2 |     1 |     2 |       ||     7
       Bread ration      |       |       |       |     2 |     4 |     3 |     8 ||    17
       Royal jelly       |       |       |       |       |       |     2 |     2 ||     4
Armor: Scale mail        |    28 |    82 |    71 |   153 |    13 |       |       ||   347
       Fire dragon scale |       |       |       |       |   526 |   395 |   309 ||  1230
       Ring mail         |       |       |       |       |    13 |       |       ||    13
Dodge: Dodged            |    24 |    71 |    72 |   154 |   309 |   294 |   243 ||  1167
Block: Shield            |    39 |   119 |   115 |   241 |   612 |   139 |       ||  1265
       Large shield      |       |       |       |       |       |  1618 |  1736 ||  3354
       Reflection        |       |       |       |       |       |    12 |   113 ||   125
